 Dungeon Crawl Stone Soup version 0.23.0 (webtiles) character file.

Game seed: 8723050881438614671

89117 Morbidden the Brawler (level 15, -9/114 HPs)
             Began as a Demonspawn Gladiator on Feb 10, 2019.
             Was the Champion of Cheibriados.
             Mangled by Rupert
             ... wielding a +0 great sword of holy wrath
              (13 damage)
             ... while paralysed by Rupert
             ... on level 15 of the Dungeon.
             The game lasted 01:06:54 (19409 turns).

Morbidden the Brawler (Demonspawn Gladiator)       Turns: 19409, Time: 01:06:56

Health: -9/114     AC: 12    Str: 35    XL:     15   Next: 48%
Magic:  23/23      EV:  2    Int: 25    God:    Cheibriados [******]
Gold:   1071       SH:  0    Dex: 31    Spells: 9/20 levels left

rFire    . . .     SeeInvis .     - Unarmed
rCold    . . .     Gourm    .   m - +1 large shield
rNeg     . . .     Faith    .   X - +4 troll leather armour {Snorg}
rPois    .         Spirit   .   (helmet unavailable)
rElec    .         Reflect  .   t - scarf {cloud immunity}
rCorr    .         Harm     .   Y - +0 pair of fencer's gloves {Riposte Dex+3}
MR       +....                  b - +0 pair of boots
Stlth    ++++......             K - amulet of regeneration
HPRegen  1.09/turn              n - +2 ring of evasion
MPRegen  0.18/turn              q - +1 ring of evasion

@: paralysed, slowed, lightly drained, very slow
A: claws 2, hooves 2, horns 3, clumsy 1, nightstalker 1, sense surroundings 1,
spiny 2, evolution 1
a: Bend Time, Temporal Distortion, Slouch, Step From Time, Renounce Religion


You were on level 15 of the Dungeon.
You worshipped Cheibriados.
Cheibriados was exalted by your worship.
You were hungry.

You visited 2 branches of the dungeon, and saw 21 of its levels.
You visited the Abyss 1 time.

You collected 1585 gold pieces.
You spent 514 gold pieces at shops.

Inventory:

Hand Weapons
 L - a +3 scimitar of flaming
Missiles
 d - 3 throwing nets
 R - 8 javelins (quivered)
Armour
 b - a +0 pair of boots (worn)
 m - a +1 large shield (worn)
 t - a scarf of cloud immunity (worn)
 X - a +4 troll leather armour (worn) {Snorg}
 Y - the +0 pair of fencer's gloves (worn) {Riposte Dex+3}
   (You found it on level 15 of the Dungeon)

   It affects your dexterity (+3).
Jewellery
 h - an uncursed ring of protection from fire
 n - a +2 ring of evasion (left hand)
 q - a +1 ring of evasion (right hand)
 w - an uncursed ring of flight
 z - an uncursed ring of ice {unknown}
 A - a +3 amulet of reflection
 K - an amulet of regeneration (around neck)
Wands
 O - a wand of flame (52)
 P - a wand of clouds (4)
 T - a wand of polymorph (14)
 Z - a wand of enslavement (8)
Scrolls
 a - 2 scrolls of brand weapon
 c - 2 scrolls of enchant weapon
 g - a scroll of noise
 o - 4 scrolls of magic mapping
 r - 7 scrolls of remove curse
 x - 4 scrolls of blinking
 y - 2 scrolls of enchant armour
 B - 3 scrolls of amnesia
 C - 6 scrolls of teleportation
 D - 2 scrolls of fear
 H - a scroll of vulnerability
 M - a scroll of torment
 N - a scroll of identify
 Q - 2 scrolls of fog
 W - a scroll of summoning
Potions
 e - a potion of ambrosia
 i - a potion of flight
 j - 3 potions of agility
 k - 2 potions of magic
 l - 3 potions of lignification
 p - 4 potions of cancellation
 s - a potion of invisibility
 u - 8 potions of curing
 v - 2 potions of brilliance
 E - a potion of resistance
 F - a potion of heal wounds
 I - 4 potions of mutation
 J - 4 potions of might
Miscellaneous
 G - a box of beasts
 S - a sack of spiders
 V - a phial of floods (inert)
Comestibles
 f - 56 rations


   Skills:
 * Level 9.5(9.4) Fighting
   Level 0.2(2.6) Short Blades
 + Level 4.4(4.3) Long Blades
 + Level 1.9(1.8) Throwing
 + Level 7.6(7.5) Armour
 * Level 8.8(8.7) Dodging
 + Level 1.7(1.6) Stealth
 + Level 11.0(10.9) Shields
 * Level 15.2(15.0) Unarmed Combat
 * Level 3.2(3.1) Spellcasting
 * Level 3.4(3.3) Necromancy
 * Level 2.6 Transmutations
 * Level 11.0(10.9) Invocations
 + Level 0.3(0.2) Evocations


You had 9 spell levels left.
You knew the following spells:

 Your Spells              Type           Power        Failure   Level  Hunger
a - Regeneration          Chrm/Necr      ##........   71%         3    ###....
b - Necromutation         Tmut/Necr      ###.......   100%        8    #######

Your spell library contained the following spells:

 Spells                   Type           Power        Failure   Level  Hunger
 Animate Skeleton         Necr           N/A          17%         1    None
 Pain                     Necr           ###.         17%         1    None
 Vampiric Draining        Necr           ###.......   45%         3    ###....
 Magic Dart               Conj           #...         56%         1    None
 Shock                    Conj/Air       #...         56%         1    None
 Summon Small Mammal      Summ           #...         56%         1    None
 Blink                    Tloc           N/A          71%         2    ##.....
 Call Imp                 Summ           #.......     71%         2    ##.....
 Slow                     Hex            #.......     71%         2    ##.....
 Animate Dead             Necr           N/A          86%         4    ####...
 Call Canine Familiar     Summ           #.......     90%         3    ###....
 Conjure Flame            Conj/Fire      #.......     90%         3    ###....
 Lesser Beckoning         Tloc           #.........   90%         3    ###....
 Mephitic Cloud           Conj/Pois/Air  #.......     90%         3    ###....
 Static Discharge         Conj/Air       #.......     90%         3    ###....
 Summon Guardian Golem    Hex/Summ       #.......     90%         3    ###....
 Summon Ice Beast         Ice/Summ       #.......     100%        4    ####...
 Summon Lightning Spire   Summ/Air       #.......     100%        4    ####...
 Silence                  Hex/Air        #.........   100%        5    ######.
 Haunt                    Necr/Summ      ##........   100%        7    #######
 Borgnjor's Revivificati  Necr           ###.......   100%        8    #######
 Controlled Blink         Tloc           N/A          100%        8    #######
 Death's Door             Chrm/Necr      ##........   100%        8    #######
 Infestation              Necr           ###.......   100%        8    #######


Dungeon Overview and Level Annotations

Branches:
Dungeon (15/15)            Temple (0/1) D:6            Lair (6/6) D:10
 Shoals (0/4) Lair:3        Snake (0/4) Lair:3        Slime (0/5) Lair:6
 Vaults (0/5) D:14
    Orc: D:9-12      Depths: D:15

Altars:
Cheibriados
Makhleb
Nemelex Xobeh
Okawaru
Qazlal
Zin
The Shining One

Shops:
D:5 ?   D:8 *   D:12 }:[(!

Annotations:
D:5 3 runed translucent doors, toxicsyntax's ghost, novice DrCj
D:15 Josephine; Rupert
Lair:3 exclusion: oklob plant


Innate Abilities, Weirdness & Mutations

You have very sharp fingernails.
You have hoof-like feet.
You have a pair of large horns on your head.
You are slightly more attuned to the shadows.
You are mostly covered in sharp spines.
You are clumsy. (Dex -2)
You passively map a small area around you.
You evolve.


Message History

The wraith drains your vigour!
You feel yourself slow down. Josephine barely misses you.
The slime creature is struck by your spines.
The slime creature hits you!
Rupert hits you with a +0 great sword of holy wrath!!
You convulse!!
* * * LOW HITPOINT WARNING * * *
The centaur warrior hits you but does no damage.
The wraith is struck by your spines. The wraith barely misses you.
Josephine hits you with a +0 dagger!
* * * LOW HITPOINT WARNING * * *
The slime creature hits you.
* * * LOW HITPOINT WARNING * * *
Rupert hits you but does no damage.
The centaur warrior is struck by your spines.
The centaur warrior hits you but does no damage.
Rupert hits you with a +0 great sword of holy wrath!
* * * LOW HITPOINT WARNING * * *
You convulse!
You die...

** , , ## #..
.##..# , *
.#...# ,. *
W...# * * *..#
....#
....###WW..##
* , *
#....cW@....#*
#....@@JJ....,
#............
,,,
...........J#
............#
* ,
*..##........#
*
##*##..#.....*
#######.. * *
* * *


You could see Rupert (berserk), Josephine, 3 slime creatures, a centaur warrior
and 4 wraiths.

Vanquished Creatures
  A bone dragon (Abyss:3)
  An Executioner (Abyss:3)
  Snorg (D:11)
  2 vault guards (D:14)
  6 hydras
  5 centaur warriors
  A two-headed ogre (D:12)
  2 catoblepae
  Urug (D:11)
  A death yak (Lair:5)
  3 thrashing horrors (Abyss:3)
  5 skeletal warriors (D:12)
  A wretched star (Abyss:3)
  A shadow wraith (D:9)
  A sixfirhy (Abyss:3)
  A fire crab (D:14)
  A fire crab (shapeshifter) (D:9)
  4 unseen horrors
  3 large abominations (Abyss:3)
  A deep troll (D:9)
  Pikel (D:9)
  2 deep elf magi
  14 ugly things
  7 elephants
  2 cyclopes
  An oklob plant (Lair:3)
  2 manticores
  A smoke demon (Abyss:3)
  7 black mambas
  Psyche (D:9)
  33 spiny frogs
  3 rime drakes
  2 efreet
  A kobold demonologist (D:7)
  9 komodo dragons
  A red devil (Abyss:3)
  3 trolls
  Prince Ribbit (D:6)
  A hornet (D:14)
  A harpy skeleton (D:14)
  4 tyrant leeches (Lair:6)
  A queen bee (Lair:1)
  10 slime creatures
  An ettin zombie (Abyss:3)
  13 hippogriffs
  A raiju (Abyss:3)
  31 blink frogs
  A spriggan (D:10)
  Sigmund (D:2)
  A shadow (D:13)
  2 wraiths
  A vampire (D:9)
  21 yaks
  Eustachio (D:6)
  7 humans (D:14)
  A ynoxinul (Abyss:3)
  2 neqoxecs (Abyss:3)
  A steam dragon (Lair:4)
  A hungry ghost (D:13)
  3 wyverns
  6 vampire mosquitoes (Lair:6)
  Edmund (D:6)
  A naga (Lair:3)
  11 porcupines
  4 small abominations (Abyss:3)
  15 water moccasins
  4 sky beasts
  3 orc warriors
  3 phantoms
  5 ice beasts
  A hornet zombie (D:14)
  A necrophage (D:9)
  2 slaves (D:9)
  A black bear (D:11)
  6 ogres
  14 centaurs
  14 crocodiles
  2 big kobolds
  A gnoll sergeant (D:7)
  26 bullfrogs
  A wyvern skeleton (D:6)
  2 scorpions
  28 killer bees
  2 electric eels
  6 wights
  7 howler monkeys
  5 crimson imps
  4 centaur zombies
  2 quasits
  5 centaur skeletons
  4 hounds
  6 orc priests
  5 jellies
  3 bullfrog skeletons
  A gnoll shaman (D:7)
  Jessica (D:2)
  9 orc wizards
  2 iguanas (D:7)
  6 worker ants
  A hound skeleton (D:2)
  2 howler monkey zombies
  2 worker ant zombies
  11 gnolls
  8 adders
  7 shadow imps
  2 oozes
  4 adder skeletons
  3 worms
  A dart slug (D:4)
  A leopard gecko (D:6)
  38 orcs
  2 ball pythons
  7 giant cockroaches
  9 goblins
  8 hobgoblins
  2 jackals (D:5)
  4 quokkas
  5 bats
  4 frilled lizards
  A jackal zombie (D:9)
  17 kobolds
  A quokka skeleton (D:4)
  4 rats
  A butterfly (Lair:1)
  3 plants (Lair:3)
607 creatures vanquished.

Vanquished Creatures (collateral kills)
  A two-headed ogre (D:10)
  2 ugly things (D:14)
  A kobold demonologist (D:14)
  A human (D:14)
  A water moccasin (D:10)
  A centaur zombie (D:10)
  An orc priest (D:8)
  An orc wizard (D:8)
  4 orcs (D:8)
  3 kobolds (D:10)
16 creatures vanquished.

Vanquished Creatures (others)
  A vault guard (D:14)
  A human (D:14)
  An acid dragon (D:14)
  A slave (D:9)
  6 centaurs
  A quasit (D:9)
  A jelly (D:9)
  An adder zombie (D:9)
  An orc (D:9)
  6 fungi
  30 plants
  2 starspawn tentacles (Abyss:3)
52 creatures vanquished.

Grand Total: 675 creatures vanquished

Notes
Turn   | Place    | Note
-------+----------+-------------------------------------------
     0 | D:1      | Morbidden the Demonspawn Gladiator began the quest for the
                  | Orb.
     0 | D:1      | Reached XP level 1. HP: 16/16 MP: 1/1
   239 | D:1      | Gained mutation: You have large cloven feet. [demonic
                  | ancestry]
   239 | D:1      | Reached XP level 2. HP: 22/22 MP: 2/2
  1107 | D:2      | Noticed Sigmund
  1303 | D:2      | Reached XP level 3. HP: 22/27 MP: 3/3
  1399 | D:2      | Killed Sigmund
  1399 | D:2      | Reached skill level 1 in Armour
  1399 | D:2      | Gained mutation: You have a pair of small horns on your
                  | head. [demonic ancestry]
  1399 | D:2      | Reached XP level 4. HP: 24/34 MP: 4/4
  1399 | D:2      | Gained mutation: You have sharp fingernails. [demonic
                  | ancestry]
  1399 | D:2      | Reached XP level 5. HP: 28/39 MP: 5/5
  1465 | D:2      | Noticed Jessica
  1471 | D:2      | Killed Jessica
  1976 | D:3      | Reached skill level 1 in Unarmed Combat
  1976 | D:3      | Reached XP level 6. HP: 34/46 MP: 6/6
  2420 | D:4      | Found a stormy altar of Qazlal.
  2826 | D:5      | Entered Level 5 of the Dungeon
  2829 | D:5      | Reached skill level 2 in Unarmed Combat
  2988 | D:5      | Found a snail-covered altar of Cheibriados.
  3013 | D:5      | Found Soodghith's Magic Scroll Shoppe.
  3047 | D:5      | Bought a scroll of summoning for 123 gold pieces
  3047 | D:5      | Bought a scroll of blinking for 97 gold pieces
  3227 | D:4      | Reached skill level 3 in Unarmed Combat
  3684 | D:5      | Gained mutation: You have hoof-like feet. [demonic
                  | ancestry]
  3684 | D:5      | Reached XP level 7. HP: 16/52 MP: 7/7
  4023 | D:5      | Found a runed translucent gate.
  4028 | D:5      | Found a runed translucent gate.
  4029 | D:5      | Found a runed translucent gate.
  4033 | D:5      | Noticed toxicsyntax's ghost (novice DrCj)
  4071 | D:5      | Reached skill level 4 in Unarmed Combat
  4338 | D:5      | Got a pair of translucent gloves
  4344 | D:5      | Identified the +1 pair of gloves of Woguaw Otok {rPois rF+
                  | Regen+ Int+2} (You found it on level 5 of the Dungeon)
  4577 | D:5      | Became a worshipper of Cheibriados the Contemplative
  4962 | D:6      | Reached skill level 5 in Unarmed Combat
  4962 | D:6      | Gained mutation: You are partially covered in sharp spines.
                  | [demonic ancestry]
  4962 | D:6      | Reached XP level 8. HP: 60/60 MP: 8/8
  5077 | D:6      | Noticed Eustachio
  5097 | D:6      | Killed Eustachio
  5097 | D:6      | Reached skill level 1 in Invocations
  5122 | D:6      | Noticed Prince Ribbit
  5141 | D:6      | Killed Prince Ribbit
  5141 | D:6      | Reached skill level 6 in Unarmed Combat
  5197 | D:6      | Reached * piety under Cheibriados
  5221 | D:6      | Found an iron altar of Okawaru.
  5417 | D:6      | Found a glowing silver altar of Zin.
  5457 | D:6      | Found a staircase to the Ecumenical Temple.
  5508 | D:6      | Reached skill level 7 in Unarmed Combat
  5649 | D:6      | Gained mutation: You have very sharp fingernails. [demonic
                  | ancestry]
  5649 | D:6      | Reached XP level 9. HP: 65/66 MP: 11/11
  5770 | D:6      | Noticed Edmund
  5781 | D:6      | Killed Edmund
  5938 | D:7      | Reached ** piety under Cheibriados
  5938 | D:7      | Reached skill level 5 in Fighting
  6009 | D:7      | Reached skill level 8 in Unarmed Combat
  6061 | D:7      | Found a sparkling altar of Nemelex Xobeh.
  6322 | D:7      | Found a snail-covered altar of Cheibriados.
  6390 | D:8      | Noticed a kobold demonologist
  6397 | D:7      | Noticed a soul eater
  6399 | D:7      | Killed a kobold demonologist
  6421 | D:8      | Reached skill level 5 in Dodging
  6421 | D:8      | Reached skill level 1 in Shields
  6437 | D:8      | Reached skill level 9 in Unarmed Combat
  6438 | D:8      | Gained mutation: You have a pair of horns on your head.
                  | [demonic ancestry]
  6438 | D:8      | Reached XP level 10. HP: 42/74 MP: 13/13
  6553 | D:8      | Reached *** piety under Cheibriados
  6788 | D:8      | Found Piujiwev's Assorted Antiques.
  6797 | D:8      | Bought a scroll of teleportation for 87 gold pieces
  6797 | D:8      | Bought a scroll of teleportation for 87 gold pieces
  6850 | D:9      | Noticed Psyche
  6860 | D:9      | Killed Psyche
  7114 | D:4      | Found a stormy altar of Qazlal.
  8046 | D:8      | Found Piujiwev's Assorted Antiques.
  8169 | D:9      | Reached skill level 5 in Invocations
  8194 | D:9      | Killed an unseen horror
  8194 | D:9      | Reached skill level 5 in Armour
  8198 | D:9      | Noticed a fire crab
  8210 | D:9      | Killed a fire crab
  8531 | D:9      | Reached **** piety under Cheibriados
  8531 | D:9      | Reached skill level 10 in Unarmed Combat
  8608 | D:9      | Noticed Pikel
  8629 | D:9      | Killed Pikel
  8792 | D:9      | Noticed a cyan ugly thing
  8793 | D:9      | Noticed a four-headed hydra
  8794 | D:9      | Noticed a centaur warrior
  8860 | D:9      | Killed a centaur warrior
  8860 | D:9      | Gained mutation: You are mostly covered in sharp spines.
                  | [demonic ancestry]
  8860 | D:9      | Reached XP level 11. HP: 73/81 MP: 15/15
  8873 | D:9      | Killed a cyan ugly thing
  9002 | D:9      | Found a large runed translucent door.
  9003 | D:9      | Found a large runed translucent door.
  9003 | D:9      | Identified the Handbook of the Gliding Voyage
  9124 | D:9      | Found a burning altar of Makhleb.
  9127 | D:9      | Noticed a deep troll
  9135 | D:9      | Killed a deep troll
  9141 | D:9      | Killed a shadow wraith
  9186 | D:9      | Found a glowing golden altar of the Shining One.
  9376 | D:10     | Entered Level 10 of the Dungeon
  9397 | D:10     | Noticed a two-headed ogre
  9414 | D:10     | Killed a two-headed ogre
  9470 | D:10     | Reached ***** piety under Cheibriados
  9473 | D:10     | Reached skill level 5 in Shields
  9549 | D:10     | Found a staircase to the Lair.
  9602 | D:10     | Reached skill level 11 in Unarmed Combat
  9763 | D:10     | Killed an unseen horror
  9934 | Lair:1   | Entered Level 1 of the Lair of Beasts
 10338 | Lair:1   | Reached XP level 12. HP: 89/89 MP: 17/17
 10400 | Lair:1   | Reached ****** piety under Cheibriados
 11075 | Lair:2   | Noticed a five-headed hydra
 11081 | Lair:2   | Killed a five-headed hydra
 11081 | Lair:2   | Reached skill level 12 in Unarmed Combat
 11227 | D:9      | Killed a four-headed hydra
 12069 | Lair:3   | Found a staircase to the Snake Pit.
 12204 | Lair:3   | Found a staircase to the Shoals.
 12812 | Lair:3   | You fall through a shaft for 2 floors!
 13045 | Lair:4   | Gained mutation: You have a pair of large horns on your
                  | head. [demonic ancestry]
 13045 | Lair:4   | Reached XP level 13. HP: 93/98 MP: 19/19
 13647 | Lair:3   | Reached skill level 13 in Unarmed Combat
 14978 | Lair:6   | Entered Level 6 of the Lair of Beasts
 15306 | Lair:6   | Gained mutation: You are slightly more attuned to the
                  | shadows. [demonic ancestry]
 15306 | Lair:6   | Reached XP level 14. HP: 106/106 MP: 21/21
 15584 | Lair:6   | Found a staircase to the Slime Pits.
 16271 | D:11     | Reached skill level 14 in Unarmed Combat
 16338 | D:11     | Reached skill level 10 in Shields
 16429 | D:11     | Noticed Urug
 16436 | D:11     | Killed Urug
 16436 | D:11     | Reached skill level 10 in Invocations
 16648 | D:11     | Noticed Snorg
 16658 | D:11     | Killed Snorg
 16964 | D:12     | Found Ryomuoci's Distillery.
 16985 | D:12     | Bought a potion of mutation for 120 gold pieces
 17067 | D:12     | Found Bear's Book Boutique.
 17074 | D:12     | Learned a level 3 spell: Regeneration
 17162 | D:12     | Learned a level 8 spell: Necromutation
 17171 | D:12     | Found Ufus's Gadget Boutique.
 17251 | D:12     | Found Erogoc's Antique Armour Shoppe.
 17256 | D:12     | Reached skill level 1 in Necromancy
 17258 | D:12     | Found Ugohevia's Antique Weapon Shoppe.
 17295 | D:12     | You fall through a shaft!
 17344 | D:13     | Reached skill level 1 in Spellcasting
 17402 | D:13     | Reached skill level 1 in Transmutations
 18139 | D:14     | Noticed Louise
 18143 | D:14     | Reached skill level 1 in Stealth
 18148 | D:14     | Cast into level 3 of the Abyss (Louise)
 18193 | Abyss:3  | Gained mutation: You do not regenerate when monsters are
                  | visible. [a neqoxec]
 18270 | Abyss:3  | Reached XP level 15. HP: 106/113 MP: 22/22
 18292 | Abyss:3  | Noticed an Executioner
 18298 | Abyss:3  | Killed an Executioner
 18305 | Abyss:3  | Noticed a tentacled starspawn
 18556 | Abyss:3  | Noticed a bone dragon
 18582 | Abyss:3  | Killed a bone dragon
 18584 | D:14     | Escaped the Abyss
 18663 | D:14     | Lost mutation: You do not regenerate when monsters are
                  | visible. [potion of mutation]
 18663 | D:14     | Gained mutation: You are clumsy. (Dex -2) [potion of
                  | mutation]
 18663 | D:14     | Gained mutation: You passively map a small area around you.
                  | [potion of mutation]
 18663 | D:14     | Gained mutation: You evolve. [potion of mutation]
 18691 | D:14     | Identified the +2 shortbow of Ratrux {freeze, Int+4 Dex+5}
 18806 | D:14     | Reached skill level 15 in Unarmed Combat
 19110 | D:14     | You fall through a shaft!
 19110 | D:15     | Entered Level 15 of the Dungeon
 19113 | D:15     | Found the +0 pair of fencer's gloves {Riposte Dex+3}
 19291 | D:14     | Found a gate to the Vaults.
 19325 | D:14     | Found an iron altar of Okawaru.
 19399 | D:15     | Noticed Rupert
 19402 | D:15     | Noticed Josephine
 19404 | D:15     | Paralysed by Rupert for 7 turns
 19409 | D:15     | HP: 4/114 [Rupert/+0 great sword of holy wrath (10)]
 19409 | D:15     | Mangled by Rupert

Skill      XL: |  1  2  3  4  5  6  7  8  9 10 11 12 13 14 15 |
---------------+----------------------------------------------+-----
Long Blades    | 3 4 |  4.4
Dodging        | 3 4 5 6 7 8 |  8.8
Armour         | 1 2 3 4 5 6 7 |  7.6
Unarmed Combat | 1 3 5 7 9 10 11 12 13 14 15 | 15.2
Fighting       | 3 4 5 6 7 8 9 |  9.5
Invocations    | 2 4 6 7 8 9 10 11 | 11.0
Shields        | 1 4 6 7 9 10 11 | 11.0
Necromancy     | 2 3 |  3.4
Spellcasting   | 2 3 |  3.2
Transmutations | 1 2 |  2.6
Stealth        | 1 |  1.7
Short Blades   | |  0.2
Throwing       | |  1.9
Evocations     | |  0.3

Action                   |  1- 3 |  4- 6 |  7- 9 | 10-12 | 13-15 || total
-------------------------+-------+-------+-------+-------+-------++-------
Melee: Long sword        |    70 |       |       |       |       ||    70
       Kick              |    19 |    22 |       |       |       ||    41
       Dagger            |    14 |       |       |       |       ||    14
       Unarmed           |       |   256 |   311 |   575 |   840 ||  1982
       Headbutt          |       |    42 |    83 |   193 |   317 ||   635
       Punch             |       |       |     8 |       |       ||     8
Invok: Slouch            |       |       |       |       |     6 ||     6
Evoke: Box of beasts     |       |       |       |     2 |       ||     2
       Wand              |       |       |       |     9 |     7 ||    16
       Phial of floods   |       |       |       |       |     1 ||     1
  Use: Potion            |     3 |     1 |     5 |     1 |     2 ||    12
       Scroll            |     1 |     4 |     3 |     8 |    23 ||    39
 Stab: Sleeping          |       |       |       |       |     5 ||     5
       Confused          |       |       |       |       |     4 ||     4
  Eat: Chunk             |     1 |     8 |     8 |     5 |    14 ||    36
       Ration            |       |       |       |     2 |       ||     2
Armor: Leather armour    |     5 |       |       |       |       ||     5
       Chain mail        |    63 |   142 |   149 |    16 |    35 ||   405
       Plate armour      |       |       |       |   185 |    60 ||   245
       Troll leather arm |       |       |       |       |    42 ||    42
Dodge: Dodged            |    38 |    99 |   113 |   221 |   282 ||   753
Block: Shield            |       |       |    28 |   467 |    38 ||   533
       Reflection        |       |       |       |     5 |    29 ||    34
       Large shield      |       |       |       |       |   914 ||   914
       Rpst.: Long sword |     9 |       |       |       |       ||     9
       Unarmed           |       |       |       |       |     1 ||     1
